 Dungeon Crawl Stone Soup version 0.29-a0-234-g0dae59b3db (webtiles) character file.

Game seed: 18179270348201111671

656 PaleWalker the Cutter (level 7, -3/36 HPs)
             Began as a Kobold Enchanter on Mar 2, 2022.
             Was an Initiate of Wu Jian.
             Killed from afar by an orc (12 damage)
             ... with an iceblast
             ... on level 4 of the Dungeon on Mar 3, 2022.
             The game lasted 00:10:32 (5132 turns).

PaleWalker the Cutter (Kobold Enchanter)            Turns: 5132, Time: 00:10:33

Health: -3/36      AC:  3    Str:  6    XL:     7   Next: 85%
Magic:  2/10       EV: 15    Int: 16    God:    Wu Jian [......]
Gold:   107        SH:  0    Dex: 17    Spells: 8/10 levels left

rFire   . . .      SeeInvis .   w - +3 dagger (speed)
rCold   . . .      Faith    .   (no shield)
rNeg    . . .      Spirit   .   b - +0 robe
rPois   .          Reflect  .   v - +0 helmet
rElec   .          Harm     .   (no cloak)
rCorr   .          Rampage  .   (no gloves)
Will    .....                   (no boots)
Stlth   ++++......              (no amulet)
HPRegen 0.12/turn               (no ring)
MPRegen 0.12/turn               (no ring)

@: very slightly contaminated
A: small, no large weapons, nightstalker 3
a: Renounce Religion


You were on level 4 of the Dungeon.
You worshipped Wu Jian.
Wu Jian was noncommittal.
You visited 2 branches of the dungeon, and saw 5 of its levels.

You collected 107 gold pieces.

Inventory:

Hand Weapons
 w - a +3 dagger of speed (weapon)
Missiles
 u - 4 curare-tipped darts (quivered)
Armour
 a - a +0 leather armour
 b - a +0 robe (worn)
 v - a +0 helmet (worn)
Jewellery
 l - a ring of ice
 o - a ring of fire
Scrolls
 c - a scroll of noise {unknown}
 d - 2 scrolls of teleportation {unknown}
 k - 4 scrolls of identify {unknown}
 m - a scroll of magic mapping {unknown}
 r - a scroll of fear {unknown}
Potions
 e - a potion of haste {unknown}
 f - a potion of degeneration {unknown}
 g - a potion of mutation {unknown}
 h - 2 potions of resistance {unknown}
 n - a potion of berserk rage {unknown}
 p - 2 potions of might {unknown}
 q - 2 potions of attraction {unknown}
 s - a potion of brilliance {unknown}
 t - a potion of heal wounds {unknown}


   Skills:
 - Level 6.8 Short Blades
 - Level 2.4 Dodging
 - Level 6.4 Stealth
 - Level 2.1 Spellcasting
 + Level 5.7 Hexes


You had 8 spell levels left.
You knew the following spells:

 Your Spells              Type           Power      Damage    Failure   Level
a - Ensorcelled Hibernat  Hex/Ice        20%        N/A       10%         2

Your spell library contained the following spells:

 Spells                   Type           Power      Damage    Failure   Level
 Confusing Touch          Hex            20%        N/A       6%          3
 Tukima's Dance           Hex            20%        N/A       6%          3
 Dazzling Flash           Conj/Hex       20%        N/A       19%         3


Dungeon Overview and Level Annotations

Branches:
Dungeon (4/15)             Temple (1/1) D:4

Altars:
Ashenzari
Cheibriados
Dithmenos
Fedhas
Hepliaklqana
Kikubaaqudgha
Nemelex Xobeh
Qazlal
Ru
Trog
Uskayaw
Vehumet
Wu Jian
Xom
Yredelemnul
Zin
The Shining One


Innate Abilities, Weirdness & Mutations

You are small and have problems with some larger weapons.
You are completely attuned to the shadows.


Message History

HP restored.
You climb downwards.
There is a stone staircase leading up here.
Your movement speed is average.
Your attack delay is about 0.4.
Found a stone staircase leading down.
c - a scroll labelled KIJEWIMNINA An orc is nearby!
Casting: Ensorcelled Hibernation (safe; 10% risk of failure)
Confirm with . or Enter, or press ? or * to list all spells.
Aiming: Ensorcelled Hibernation (safe; 10% risk of failure)
Press: ? - help, Shift-Dir - straight line, f - orc
Aim: an orc, wielding a +0 falchion, wearing a +0 ring mail and carrying a wand of iceblast (5) (wandering, hasn't noticed you, chance to affect: 62%)
The orc shouts!
The orc resists with significant effort.
The orc zaps a wand.
The mass of ice explodes!
The iceblast engulfs you!
Casting: Ensorcelled Hibernation (safe; 10% risk of failure)
Confirm with . or Enter, or press ? or * to list all spells.
Aiming: Ensorcelled Hibernation (safe; 10% risk of failure)
Press: ? - help, Shift-Dir - straight line, f/p - orc
Aim: an orc, wielding a +0 falchion, wearing a +0 ring mail and carrying a wand of iceblast (4) (chance to affect: 62%)
The orc resists with significant effort.
Casting: Ensorcelled Hibernation (safe; 10% risk of failure)
Confirm with . or Enter, or press ? or * to list all spells.
Aiming: Ensorcelled Hibernation (safe; 10% risk of failure)
Press: ? - help, Shift-Dir - straight line, f/p - orc
Aim: an orc, wielding a +0 falchion, wearing a +0 ring mail and carrying a wand of iceblast (4) (chance to affect: 62%)
The orc resists with significant effort.
The orc zaps a wand.
The mass of ice explodes!
The iceblast engulfs you!
* * * LOW HITPOINT WARNING * * *
The iceblast engulfs the orc.
Casting: Ensorcelled Hibernation (safe; 10% risk of failure)
Confirm with . or Enter, or press ? or * to list all spells.
Aiming: Ensorcelled Hibernation (safe; 10% risk of failure)
Press: ? - help, Shift-Dir - straight line, f/p - orc
Aim: an orc, wielding a +0 falchion, wearing a +0 ring mail and carrying a wand of iceblast (3) (almost dead, chance to affect: 62%)
You miscast Ensorcelled Hibernation.
You are very lightly contaminated with residual magic.
Nothing appears to happen.
The orc zaps a wand.
The mass of ice explodes!
The iceblast engulfs you!
You die...

.#...........####.##........#
.....###.......##.####......#
).....##.##.......# ##.....#
##..#.##.###...#.. #...>.#
##............## #######
###†#.)........##
##........####..## .#........
##..# .........# ##@#
....)....# #o.... .........
...... ......... ...#...
.#....... ...##... .........
...#..... ..###.#.# .## ..


You could see an orc.

Vanquished Creatures
  Menkaure (D:4)
  A centaur (D:3)
  A necrophage (D:4)
  A howler monkey (D:4)
  A jelly (D:3)
  3 hounds
  Jessica (D:3)
  An iguana (D:4)
  7 gnolls
  2 adders
  An adder zombie (D:2)
  2 adder skeletons (D:2)
  3 worms
  2 dart slugs
  4 orcs (D:4)
  5 endoplasms
  2 giant cockroaches
  7 goblins
  11 hobgoblins
  6 kobolds
  5 quokkas
  8 ball pythons
  A ball python skeleton (D:2)
  A ball python zombie (D:2)
  3 bats
  4 frilled lizards
  7 rats
91 creatures vanquished.

Vanquished Creatures (others)
  7 withered plants (D:2)
7 creatures vanquished.

Grand Total: 98 creatures vanquished

Notes
Turn   | Place    | Note
-------+----------+-------------------------------------------
     0 | D:1      | PaleWalker the Kobold Enchanter began the quest for the
                  | Orb.
     0 | D:1      | Reached XP level 1. HP: 10/10 MP: 3/3
   135 | D:1      | Reached XP level 2. HP: 15/15 MP: 5/5
   554 | D:1      | Found a faded altar of an unknown god.
   736 | D:2      | Reached XP level 3. HP: 19/19 MP: 6/6
   956 | D:1      | Learned a level 2 spell: Ensorcelled Hibernation
  1185 | D:2      | Reached XP level 4. HP: 24/24 MP: 7/7
  1743 | D:2      | Reached skill level 5 in Stealth
  2182 | D:1      | Reached XP level 5. HP: 18/28 MP: 1/8
  2329 | D:2      | Reached skill level 5 in Short Blades
  2647 | D:3      | Noticed Jessica
  2651 | D:3      | Killed Jessica
  2714 | D:3      | Noticed a centaur
  2718 | D:3      | Killed a centaur
  2719 | D:3      | Reached XP level 6. HP: 31/32 MP: 4/9
  3123 | D:3      | Found a hide-covered altar of Uskayaw.
  3664 | D:4      | Reached XP level 7. HP: 16/36 MP: 10/10
  4076 | D:4      | Noticed Menkaure
  4462 | D:4      | Found a staircase to the Ecumenical Temple.
  4469 | Temple   | Entered the Ecumenical Temple
  4507 | Temple   | Became a worshipper of the Wu Jian Council
  4827 | D:4      | Killed Menkaure
  4828 | D:4      | Reached skill level 5 in Hexes
  5132 | D:4      | Killed from afar by an orc

Illustrated notes

Levels and vault maps discovered:
D:1:      matt_arrival_diagonals, layout_basic,
          chequers_ecumenical_altar_simple_redux
D:2:      layout_basic, serial_undead, serial_undead_f, serial_undead_b,
          serial_undead_c, serial_undead_c, serial_undead_a
D:3:      layout_basic, nicolae_uskayaw_dance_hall, kennysheep_jessica_study
D:4:      layout_rooms, minmay_temple_entry_stoned_glass,
          minmay_misc_feat_enclosed, uniq_menkaure
Temple:   nicolae_temple_elliptical

Skill      XL: |  1  2  3  4  5  6  7 |
---------------+----------------------+-----
Short Blades   | 2 3 4 6 |  6.8
Stealth        | 5 6 |  6.4
Hexes          | 5 |  5.7
Dodging        | |  2.4
Spellcasting   | |  2.1

Action                   |  1- 3 |  4- 6 |  7- 9 || total
-------------------------+-------+-------+-------++-------
Melee: Dagger            |    48 |   134 |    65 ||   247
       Punch             |       |     2 |     2 ||     4
Throw: Dart              |       |       |     2 ||     2
 Cast: Ensorcelled Hiber |     1 |    13 |    18 ||    32
Invok: Lunge             |       |       |     4 ||     4
  Use: Potion            |       |       |     1 ||     1
 Stab: Sleeping          |    24 |    25 |     5 ||    54
       Distracted        |       |     1 |       ||     1
Armor: Robe              |     5 |     8 |     2 ||    15
Dodge: Dodged            |    15 |    65 |    27 ||   107

Table legend: (Time is in decaauts)
 A = Elapsed time spent in this place.
 B = Non-inter-level travel time spent in this place.
 C = Inter-level travel time spent in this place.
 D = Time resting spent in this place.
 E = Time spent auto-exploring this place.
 F = Levels seen in this place.
 G = Mean time per level.
                   A        B        C        D        E       F      G
               +--------+--------+--------+--------+--------+-----+--------+
         Total |   5055 |   4695 |    360 |    703 |   3151 |   5 | 1011.0 |
       Dungeon |   4832 |   4488 |    344 |    703 |   2964 |   4 | 1208.0 |
        Temple |    223 |    207 |     16 |      0 |    187 |   1 |  223.0 |
               +--------+--------+--------+--------+--------+-----+--------+

Top non-repeatable levels by time:
     D:3: 1731 daAuts
     D:1: 1228 daAuts
     D:2: 1168 daAuts
     D:4: 703 daAuts
  Temple: 223 daAuts
